 Dungeon Crawl Stone Soup version 0.23-a0-78-gc252fe1 (webtiles) character file.

14 Amnesiac the Magician (level 2, 0/19 HPs)
             Began as a Mummy Air Elementalist on Aug 10, 2018.
             Slain by a bat (1 damage)
             ... on level 2 of the Dungeon.
             The game lasted 00:01:57 (409 turns).

Amnesiac the Magician (Mummy Air Elementalist)       Turns: 409, Time: 00:01:57

Health: 0/19       AC:  5    Str: 11    XL:     2   Next: 27%
Magic:  6/6        EV: 10    Int: 14    God:
Gold:   35         SH:  0    Dex: 12    Spells: 8/8 levels left

rFire    x . .     SeeInvis .   c - -1 mace
rCold    + . .     Gourm    .   (no shield)
rNeg     + + +     Faith    .   d - +0 ring mail
rPois    ∞         Spirit   .   (no helmet)
rElec    .         Reflect  .   (no cloak)
rCorr    .         Harm     .   (no gloves)
MR       .....                  (no boots)
Stlth    +.........             b - amulet of the acrobat
HPRegen  0.06/turn              (no ring)
MPRegen  0.10/turn              (no ring)

@: no status effects
A: no food or potions, fire vulnerability, cold resistance 1, negative energy
resistance 3, torment resistance, unbreathing
a: no special abilities


You were on level 2 of the Dungeon.
You were not hungry.

You visited 1 branch of the dungeon, and saw 2 of its levels.

You collected 35 gold pieces.

Inventory:

Hand Weapons
 c - a -1 mace (weapon)
Armour
 a - a +0 robe
 d - a +0 ring mail (worn)
Jewellery
 b - an amulet of the acrobat (around neck)


   Skills:
 - Level 1.5 Dodging
 - Level 1.5 Stealth
 + Level 3.8 Spellcasting
   Level 0.7 Conjurations
   Level 2.4 Air Magic


You had 8 spell levels left.
You didn't know any spells.
Your spell library contained the following spells:

 Spells                   Type           Power        Failure   Level  Hunger
 Lightning Bolt           Conj/Air       #.........   100%        5    N/A
 Shock                    Conj/Air       #...         26%         1    N/A
 Swiftness                Chrm/Air       #.......     41%         2    N/A
 Airstrike                Air            #.........   87%         4    N/A
 Static Discharge         Conj/Air       #.......     58%         3    N/A

Dungeon Overview and Level Annotations

Branches:
Dungeon (2/15)

Altars:

Annotations:
D:2 Natasha


Innate Abilities, Weirdness & Mutations

You do not eat or drink.
Your flesh is vulnerable to fire.
You are immune to poison.
Your flesh is cold resistant. (rC+)
You are immune to negative energy. (rN+++)
You are immune to unholy pain and torment.
You can survive without breathing.


Message History

You aren't carrying any scrolls.
You miss the bat. The bat closely misses you.
The bat hits you but does no damage. x2
You miss the bat. The bat closely misses you.
The bat hits you but does no damage. The bat closely misses you.
You hit the worm.
The worm is lightly wounded.
The bat barely misses you. x2; The bat hits you but does no damage.
The worm bites you but does no damage. The bat hits you but does no damage.
You sock the worm!
The worm is heavily wounded.
The bat completely misses you. The bat barely misses you.
Natasha mumbles some strange words.
You feel troubled. The bat hits you but does no damage.
The worm barely misses you.
You hit the worm but do no damage.
The worm is heavily wounded.
The bat hits you but does no damage. The bat barely misses you.
Your ring mail prevents you from hitting the worm.
The worm is heavily wounded.
The bat hits you but does no damage. The bat closely misses you.
The worm bites you.
* * * LOW HITPOINT WARNING * * *
Natasha howls an incantation.
Natasha's front paws start to glow.
The bat completely misses you.
You hit the worm but do no damage.
The worm is heavily wounded.
The bat barely misses you. The bat hits you but does no damage.
The worm bites you.
* * * LOW HITPOINT WARNING * * *
You sock the worm!
The worm is severely wounded.
The bat closely misses you. The worm bites you.
* * * LOW HITPOINT WARNING * * *
You hit the worm.
You kill the worm!
The iron imp disappears in a puff of smoke!
The bat hits you.
* * * LOW HITPOINT WARNING * * *
The bat misses you. The bat hits you but does no damage.
The bat barely misses you.
You see here a worm corpse.
The bat hits you but does no damage.
You sock the bat!
You kill the bat!
The kobold closely misses you.
A bat comes into view.
The bat barely misses you. The bat hits you but does no damage.
The bat closely misses you. x2
The bat hits you but does no damage. The bat closely misses you.
The bat hits you.
* * * LOW HITPOINT WARNING * * *
The bat hits you but does no damage. The bat hits you.
* * * LOW HITPOINT WARNING * * *
Natasha hisses.
The bat hits you.
* * * LOW HITPOINT WARNING * * *
The bat barely misses you. The bat closely misses you. The bat hits you.
You die...

#.##.## #g##.. #
#.##.# ....##h##.#
#$.%.......# #
#.#####.##.### .#
##.##<..##..###
...............# .
####.###@#####.###...
#.###b####........
#...........#
#####.#####.# #K# #g#
#.# #.# #K# #h# #h#
#r# ##.## #†#


You could see Natasha, a bat and 2 kobolds.

Vanquished Creatures
  A worm (D:2)
  A giant cockroach (D:1)
  2 hobgoblins (D:1)
  A kobold (D:1)
  3 bats
  2 frilled lizards (D:1)
10 creatures vanquished.

Notes
Turn   | Place    | Note
-------+----------+-------------------------------------------
     0 | D:1      | Amnesiac the Mummy Air Elementalist began the quest for the Orb.
     0 | D:1      | Reached XP level 1. HP: 13/13 MP: 4/4
   144 | D:1      | Reached skill level 3 in Spellcasting
   331 | D:1      | Reached XP level 2. HP: 17/19 MP: 6/6
   348 | D:2      | Noticed Natasha
   355 | D:2      | Noticed a crimson imp
   409 | D:2      | Slain by a bat

Vault maps used:
D:1:      shiori_arrival_maze, minmay_misc_feat_square
D:2:      minmay_tromino_v4_a, uniq_natasha

Skill      XL: |  1 |
---------------+----+-----
Spellcasting   | 3 |  3.8
Dodging        | |  1.5
Stealth        | |  1.5
Conjurations   | |  0.7
Air Magic      | |  2.4

Action                   || total
-------------------------++-------
Melee: Mace              ||    44
  Use: Scroll            ||     4
Armor: Ring mail         ||    54
Dodge: Dodged            ||    78

Table legend:
 A = Non-vault XP
 B = Vault XP
 C = Vault XP percentage of total XP
 D = Non-vault monster count
 E = Vault monster count
 F = Vault count percentage of total count
 G = Total turns spent on level
                 A         B        C        D         E       F
            +---------+---------+-------+---------+---------+-------
      Total |      20 |       0 |   0.0 |      10 |       0 |   0.0
            +---------+---------+-------+---------+---------+-------
        D:1 |      13 |       0 |   0.0 |       8 |       0 |   0.0
        D:2 |       7 |       0 |   0.0 |       2 |       0 |   0.0
            +---------+---------+-------+---------+---------+-------
